 Dungeon Crawl Stone Soup version 0.24.1-8-ga250c9d538 (webtiles) character file.

Game seed: 10330722162535986783, levelgen mode: deterministic

760 Hugehornet the Insei (level 7, 0/43 HPs)
             Began as an Octopode Transmuter on May 3, 2020.
             Slain by a phantom (10 damage)
             ... on level 5 of the Dungeon.
             The game lasted 00:10:29 (5342 turns).

Hugehornet the Insei (Octopode Transmuter)          Turns: 5342, Time: 00:10:29

Health: 0/43       AC:  1    Str: 12    XL:     7   Next: 80%
Magic:  2/10       EV: 13    Int: 17    God:
Gold:   115        SH:  0    Dex: 12    Spells: 4/10 levels left

rFire    . . .     SeeInvis .     - Unarmed
rCold    . . .     Gourm    .   (no shield)
rNeg     . . .     Faith    .   (helmet restricted)
rPois    +         Spirit   .   (no amulet)
rElec    .         Reflect  .   h - +2 ring of strength
rCorr    .         Harm     .   n - ring of poison resistance
MR       .....                  (no ring)
Stlth    +++.......             (no ring)
HPRegen  0.14/turn              (no ring)
MPRegen  0.12/turn              (no ring)
                                (no ring)
                                (no ring)

@: no status effects
A: almost no armour, stealthy swim, amphibious, 8 rings, constrict 8, camouflage
1, gelatinous body 1
a: no special abilities


You were on level 5 of the Dungeon.
You were not hungry.

You visited 1 branch of the dungeon, and saw 5 of its levels.

You collected 115 gold pieces.

Inventory:

Missiles
 a - 38 arrows
Jewellery
 h - a +2 ring of strength (left tentacle)
 n - a ring of poison resistance (right tentacle)
 o - an uncursed amulet of the gourmand {unknown}
Scrolls
 b - 3 scrolls of fear {unknown}
 d - a scroll of enchant weapon {unknown}
 f - 4 scrolls of teleportation {unknown}
 g - a scroll of identify {unknown}
 i - a scroll of random uselessness {unknown}
 m - a scroll of remove curse {unknown}
Potions
 e - 6 potions of curing {unknown}
 j - a potion of flight {unknown}
 k - a potion of might {unknown}
 l - a potion of haste {unknown}
Comestibles
 c - 8 rations


   Skills:
 - Level 1.0 Fighting
 - Level 2.0 Dodging
 + Level 0.9 Stealth
 * Level 7.1 Unarmed Combat
 + Level 2.1 Spellcasting
 * Level 5.1 Transmutations
 - Level 2.0 Poison Magic


You had 4 spell levels left.
You knew the following spells:

 Your Spells              Type           Power        Failure   Level  Hunger
a - Beastly Appendage     Tmut           ###...       2%          1    #......
b - Sticks to Snakes      Tmut           ###.....     3%          2    ###....
c - Spider Form           Tmut/Pois      ##........   13%         3    ###....

Your spell library contained the following spells:

 Spells                   Type           Power        Failure   Level  Hunger
 Ice Form                 Ice/Tmut       ##......     54%         4    #####..
 Blade Hands              Tmut           ###.......   54%         5    ######.


Dungeon Overview and Level Annotations

Branches:
Dungeon (5/15)
 Temple: D:4-7

Altars:

Annotations:
D:5 2 transporters, exclusion: phantom, Sassenached's ghost, amateur DrWn


Innate Abilities, Weirdness & Mutations

You cannot wear most types of armour.
You are very stealthy in the water. (Stealth+)
You are amphibious.
You can wear up to eight rings at the same time.
You can use your tentacles to constrict eight enemies at once.
Your skin changes colour to match your surroundings (Stealth+).
Your rubbery body absorbs attacks. (AC +1, EV +1)


Message History

Aim: a phantom (heavily damaged) Attack!
The phantom blinks!
Your ball python barely misses the phantom.
The phantom hits your adder but does no damage.
Your adder bites the phantom.
Your ball python bites the phantom.
Your water moccasin bites the phantom.
Your adder misses the phantom.
Your ball python barely misses the phantom.
The phantom blinks!
Your ball python bites the phantom but does no damage.
Your water moccasin barely misses the phantom.
The phantom closely misses your adder.
Your ball python bites the phantom but does no damage.
Your water moccasin closely misses the phantom.
Your adder bites the phantom.
Your adder misses the phantom. You tentacle-slap the phantom.
Your tentacle spike misses the phantom.
The phantom is severely damaged.
Your tentacle spike disappears.
Your water moccasin misses the phantom.
Your adder closely misses the phantom.
Your ball python bites the phantom.
The phantom hits you!
You die...

#.##......# #.#
#.........# #..
#.........# ###
..........#
#....###### #########
.....########.......#
............'..S....+
..###########.SSS...#
..##### #.SW@...#
.>..... #.......#
###### #.......#
....# #......?# ###.#
#.......# # #########
# # #


You could see a phantom, a friendly water moccasin, 2 friendly adders and 2
friendly ball pythons.

Vanquished Creatures
  An ogre (D:5)
  A phantom (D:4)
  A scorpion (D:3)
  A crimson imp (D:4)
  A jelly (D:5)
  A bullfrog skeleton (D:4)
  An orc priest (D:4)
  6 orc wizards
  A worker ant (D:4)
  A hound skeleton (D:4)
  5 adders
  A shadow imp (D:5)
  An ooze (D:1)
  An adder zombie (D:5)
  5 worms
  3 dart slugs
  4 leopard geckos
  8 orcs
  6 giant cockroaches
  5 goblins
  10 hobgoblins
  3 jackals
  2 quokkas
  2 ball pythons (D:4)
  6 bats
  4 frilled lizards
  3 kobolds
  6 rats
90 creatures vanquished.

Vanquished Creatures (collateral kills)
  A phantom (D:5)
1 creature vanquished.

Grand Total: 91 creatures vanquished

Notes
Turn   | Place    | Note
-------+----------+-------------------------------------------
     0 | D:1      | Hugehornet the Octopode Transmuter began the quest for the
                  | Orb.
     0 | D:1      | Reached XP level 1. HP: 13/13 MP: 3/3
    80 | D:1      | Reached XP level 2. HP: 15/18 MP: 3/5
   485 | D:1      | Reached XP level 3. HP: 21/23 MP: 3/6
   816 | D:1      | Learned a level 2 spell: Sticks to Snakes
   820 | D:1      | Learned a level 3 spell: Spider Form
  1553 | D:2      | Reached XP level 4. HP: 28/28 MP: 5/7
  1708 | D:2      | Reached skill level 1 in Poison Magic
  1925 | D:3      | Reached XP level 5. HP: 8/33 MP: 8/8
  3064 | D:4      | Reached skill level 4 in Unarmed Combat
  3376 | D:4      | Reached XP level 6. HP: 22/38 MP: 5/9
  3636 | D:4      | Reached skill level 5 in Transmutations
  3797 | D:4      | You fall into a shaft and drop 1 floor!
  3797 | D:5      | Entered Level 5 of the Dungeon
  3832 | D:5      | Noticed a phantom
  3988 | D:4      | Reached skill level 5 in Unarmed Combat
  4307 | D:4      | Reached XP level 7. HP: 23/43 MP: 7/10
  4322 | D:4      | Reached skill level 6 in Unarmed Combat
  4879 | D:5      | Found a transporter.
  4882 | D:5      | Noticed Sassenached's ghost (amateur DrWn)
  4883 | D:5      | Found a transporter.
  5190 | D:5      | Reached skill level 7 in Unarmed Combat
  5342 | D:5      | Slain by a phantom

Levels and vault maps discovered:
D:1:      dpeg_arrival_lava_temple_mockup, layout_basic
D:2:      layout_basic, hangedman_feature_mirror, minmay_worlds_worst_comb
D:3:      layout_basic, first_ration, kennysheep_generic_room_4
D:4:      layout_basic, abandoned_shop
D:5:      layout_basic, gammafunk_ghost_smash, serial_curves, eino_curves_03,
          eino_curves_04

Skill      XL: |  1  2  3  4  5  6  7 |
---------------+----------------------+-----
Transmutations | 3 4 5 |  5.1
Poison Magic   | 1 2 |  2.0
Unarmed Combat | 4 5 7 |  7.1
Fighting       | |  1.0
Dodging        | |  2.0
Stealth        | |  0.9
Spellcasting   | |  2.1

Action                   |  1- 3 |  4- 6 |  7- 9 || total
-------------------------+-------+-------+-------++-------
Melee: Unarmed           |    64 |   136 |    57 ||   257
       Kick              |    20 |    26 |     7 ||    53
       Constrict         |    19 |    23 |     4 ||    46
       Tentacles         |     8 |    15 |     9 ||    32
       Punch             |     3 |     5 |     6 ||    14
 Cast: Beastly Appendage |    26 |    19 |     8 ||    53
       Spider Form       |       |     6 |     1 ||     7
       Sticks to Snakes  |       |       |    15 ||    15
 Stab: Sleeping          |     8 |       |       ||     8
       Distracted        |       |       |     1 ||     1
  Eat: Chunk             |     2 |    10 |     1 ||    13
       Ration            |       |       |     1 ||     1
Armor: Skin              |     4 |     9 |     2 ||    15
Dodge: Dodged            |    21 |    88 |    27 ||   136
